 Dungeon Crawl Stone Soup version 0.20.0 (webtiles) character file.

213 Llamajah the Shield-Bearer (level 6, -2/48 HPs)
             Began as a Formicid Fighter on June 16, 2017.
             Killed by nerve-wracking pain
             ... invoked by Grinder
              (6 damage)
             ... on level 3 of the Dungeon.
             The game lasted 00:05:48 (2196 turns).

Llamajah the Shield-Bearer (Formicid Fighter)       Turns: 2196, Time: 00:05:49

Health: -2/48      AC:  7    Str: 28    XL:     6   Next: 14%
Magic:  6/6        EV: 10    Int: 10    God:
Gold:   154        SH: 10    Dex: 10    Spells: 5/5 levels left

rFire    . . .     SeeInvis +   a - +1 war axe
rCold    . . .     Gourm    .   c - +0 shield
rNeg     + . .     Faith    .   b - +0 scale mail
rPois    .         Spirit   .   (helmet unavailable)
rElec    .         Reflect  .   (no cloak)
rCorr    .         Harm     .   (no gloves)
MR       .....                  (no boots)
Stlth    ..........             (no amulet)
Regen    0.2/turn               h - ring of positive energy
MPRegen  0.1/turn               o - +3 ring of intelligence

@: mighty
A: permanent stasis, dig shafts and tunnels, four strong arms, antennae 3
a: Dig, Shaft Self


You were on level 3 of the Dungeon.
You were hungry.

You visited 1 branch of the dungeon, and saw 3 of its levels.

You collected 154 gold pieces.

Inventory:

Hand Weapons
 a - a +1 war axe (weapon)
Armour
 b - a +0 scale mail (worn)
 c - a +0 shield (worn)
Jewellery
 h - a ring of positive energy (left hand)
 o - a +3 ring of intelligence (right hand)
Wands
 q - a wand of clouds (4/9)
 r - a wand of digging (10/24)
Scrolls
 i - 2 scrolls of identify {unknown}
 l - a scroll of remove curse
 n - a scroll of fear
 u - 2 scrolls of teleportation {unknown}
 v - a scroll of fog {unknown}
Potions
 e - 3 potions of haste {unknown}
 g - a potion of degeneration {unknown}
 j - 2 potions of mutation {unknown}
 k - a potion of invisibility {unknown}
 t - 2 potions of heal wounds {unknown}
 w - 2 potions of lignification {unknown}
 A - a potion of curing {unknown}
Books
 x - a book of Minor Magic

   Spells                             Type                      Level
   a - Magic Dart                     Conjuration                  1
   b - Blink                          Translocation                2
   c - Call Imp                       Summoning                    2
   d - Slow                           Hexes                        2
   e - Conjure Flame                  Conjuration/Fire             3
   f - Mephitic Cloud                 Conjuration/Poison/Air       3
Comestibles
 f - 6 bread rations
 m - 2 meat rations
 p - 2 fruits
 s - a royal jelly


   Skills:
 + Level 4.1 Fighting
 + Level 2.8 Axes
 + Level 4.0 Armour
 * Level 2.9 Dodging
 + Level 4.5 Shields


You had 5 spell levels left.
You didn't know any spells.

Dungeon Overview and Level Annotations

Branches:
Dungeon (3/15)

Altars:
Elyvilon

Annotations:
D:3 Grinder


Innate Abilities, Weirdness & Mutations

You cannot be hasted, slowed, berserked, paralysed or teleported.
You can dig through walls and to a lower floor.
Your four strong arms can wield two-handed weapons with a shield.
You have a pair of large antennae on your head. (SInv)


Message History

Grinder is heavily wounded.
You block Grinder's attack.
You hit Grinder.
Grinder is heavily wounded.
Grinder hits you!
* * * LOW HITPOINT WARNING * * *
You writhe in agony.
* * * LOW HITPOINT WARNING * * *
You slash Grinder!
Grinder is almost dead.
Grinder blinks!
You closely miss Grinder.
Grinder is almost dead.
Grinder says, "FISH!"
Grinder gestures at you. Pain shoots through your body!
* * * LOW HITPOINT WARNING * * *
Grinder gestures at you. Pain shoots through your body!
You die...

### #.#####........[... {
#.# ###.#...#)#.. #.#
#?#...#.#.# #.#
#.#...#.#.# #.#
#.#...#.#.# #.# ###
#.##.##.#.#
#.###.###.......#..
.#.#####5##.........######
......)).@...#......##
.###)(.....#.....#.## ##
#.......#.....[#.###.
#...............#.##.
#.......#.....)......
#.......#########.#..
#.##.##.# #.#. #. #.##...
#.# #. #$. .### #.


You could see Grinder.

Vanquished Creatures
  An orc priest (D:3)
  A bullfrog skeleton (D:3)
  Ijyb (D:3)
  An orc wizard (D:3)
  A gnoll (D:1)
  An adder (D:3)
  3 dart slugs
  11 orcs (D:3)
  A ball python (D:2)
  5 goblins (D:2)
  13 hobgoblins
  5 jackals (D:2)
  2 quokkas
  5 bats
  5 frilled lizards
  4 kobolds
  8 rats
68 creatures vanquished.

Notes
Turn   | Place    | Note
-------+----------+-------------------------------------------
     0 | D:1      | Llamajah the Formicid Fighter began the quest for the Orb.
     0 | D:1      | Reached XP level 1. HP: 18/18 MP: 1/1
   132 | D:1      | Reached XP level 2. HP: 20/24 MP: 2/2
   185 | D:1      | Reached skill level 1 in Dodging
   185 | D:1      | Reached XP level 3. HP: 14/29 MP: 3/3
   838 | D:2      | Reached XP level 4. HP: 37/37 MP: 4/4
  1043 | D:2      | Found a white marble altar of Elyvilon.
  1366 | D:3      | Noticed Ijyb
  1387 | D:3      | Killed Ijyb
  1396 | D:3      | Reached XP level 5. HP: 34/42 MP: 5/5
  1633 | D:3      | Found a faded altar of an unknown god.
  2176 | D:3      | Noticed Grinder
  2180 | D:3      | Reached XP level 6. HP: 27/48 MP: 6/6
  2196 | D:3      | Killed from afar by Grinder

Skill      XL: |  1  2  3  4  5 |
---------------+----------------+-----
Dodging        | 1 2 |  2.9
Shields        | 4 |  4.5
Fighting       | 4 |  4.1
Armour         | 4 |  4.0
Axes           | |  2.8

Action                   |  1- 3 |  4- 6 || total
-------------------------+-------+-------++-------
Melee: War axe           |    89 |   125 ||   214
  Use: Scroll            |       |     5 ||     5
       Potion            |       |     1 ||     1
  Eat: Chunk             |       |     4 ||     4
Armor: Scale mail        |    36 |    29 ||    65
Dodge: Dodged            |    32 |    44 ||    76
Block: Shield            |    43 |    68 ||   111
